AoeStats
← Bonea

African Clearing

506631193Analyzed
4v4 RM · 17d ago on Sep 14, 2026· 43m 55s· 8 players
Game mode
Random Map
Map size
Large (8 player)
Population
200
Speed
Normal
Resources
Standard
Victory
Conquest
Starting age
Dark Age
Ending age
Imperial Age
RankedLock teamsTeams togetherTeam positionsShared explorationLock speedFull tech treeHidden civsTurbo modeCheats
Victory
Defeat
🇹🇼 Khmer · Taiwan
1342
+16
🇨🇳 Bohemians · China
1300
+18
🇨🇳 Koreans · China
1272
+19
🇨🇳 Mongols · China
1271
+19
🇨🇳 Persians · China
1346
-18
🇦🇷 Vietnamese · Argentina
1336
-18
🇨🇳 Huns · China
1335
-18
🇨🇳 Mongols · China
1330
-18
[UZN] Yen Lo
9:24 Loom
13:41 Feudal Age
16:03 Double-Bit Axe
16:18 Horse Collar
18:41 Castle Age
19:08 Scale Barding Armor
19:14 Forging
19:53 Bloodlines
19:43 Husbandry
21:09 Chain Barding Armor
psrycc
3:33 Loom
16:46 Feudal Age
22:38 Castle Age
24:04 Wheelbarrow
32:32 Double-Bit Axe
37:54 Horse Collar
40:00 Stone Mining
41:03 Heavy Plow
42:27 Wheelbarrow
12014665
5:57 Loom
13:55 Feudal Age
20:24 Castle Age
18:41 Horse Collar
18:49 Double-Bit Axe
21:30 Bow Saw
Bonea
12:20 Feudal Age
10:37 Loom
12:29 Feudal Age
16:55 Castle Age
14:54 Horse Collar
16:23 Double-Bit Axe
23:55 Fletching
26:50 Ballistics
26:44 Bodkin Arrow
28:11 Padded Archer Armor
30:12 Leather Archer Armor
31:03 Wheelbarrow
35:19 Imperial Age
34:01 Gold Mining
34:59 Husbandry
35:10 Bloodlines
36:32 Conscription
36:57 Bracer
38:04 Chemistry
39:04 Parthian Tactics
38:44 Thumb Ring
38:10 Capped Ram
39:21 Elite Mangudai
41:18 Coinage
42:52 Siege Ram
44:24 Caravan
44:54 Banking
烤乳猪
5:51 Loom
12:21 Feudal Age
17:20 Castle Age
15:52 Double-Bit Axe
19:25 Bow Saw
24:54 Horse Collar
26:05 Scale Barding Armor
27:17 Forging
27:19 Bloodlines
28:31 Wheelbarrow
29:17 Husbandry
35:19 Fletching
35:52 Chain Barding Armor
37:41 Town Watch
38:43 Bodkin Arrow
霸霸养
10:40 Loom
12:50 Feudal Age
14:03 Double-Bit Axe
17:02 Castle Age
15:42 Stone Mining
20:42 Fletching
31:02 Padded Archer Armor
33:44 Bodkin Arrow
35:28 Bloodlines
36:39 Husbandry
37:42 Ballistics
38:47 Leather Archer Armor
41:33 Thumb Ring
779567130
10:37 Loom
12:59 Feudal Age
14:20 Double-Bit Axe
18:14 Fletching
19:57 Wheelbarrow
22:07 Castle Age
21:11 Padded Archer Armor
21:04 Gold Mining
22:14 Horse Collar
22:28 Stone Mining
23:31 Bodkin Arrow
26:16 Crossbowman
28:03 Leather Archer Armor
29:14 Town Watch
32:33 Thumb Ring
35:03 Ballistics
34:34 Treadmill Crane
42:18 Imperial Age
39:43 Elite Skirmisher
41:47 Bow Saw
fay
5:07 Loom
13:10 Feudal Age
18:28 Castle Age
17:20 Horse Collar
18:15 Double-Bit Axe
22:32 Forging
41:25 Bow Saw
43:27 Heavy Plow
Connection lost

Rejoining the realm…

Still unreachable

The connection could not be restored.

Session expired

The server has moved on; the page needs a fresh start.